Map: Blackrock LE

Players

Halo - Winner!

  • Race: Zerg Zerg

A.I. 1 (Harder)

  • Race: Zerg Zerg

VOD

Have the link to the VOD?

Description

Time

  • Played on: Aug. 5, 2026, 1:13 a.m.
  • Length: 10:18
Show
View Real Time Build Order
Export as new Build Order

Halo Zerg - Winner!

Build Orders: Hatch First 

Get SALT Encoding   

  8  0:00  Drone  
  9  0:10  Drone  
  10  0:16  Drone  
  11  0:21  Drone  
  12  0:32  Overlord  
  12  0:50  Drone x2  
  14  1:09  Hatchery  
  13  1:14  Drone  
  13  1:17  Drone  
  15  1:22  Drone  
  16  1:38  Spawning Pool  
  15  1:42  Extractor, Drone  
  15  1:46  Drone  
  16  1:50  Drone  
  16  1:53  Drone  
  18  2:03  Drone  
  19  2:13  Overlord  
  19  2:25  Zergling x4  
  21  2:33  Queen  
  21  2:34  Queen  
  25  2:37  Drone  
  25  2:40  Drone  
  25  2:43  Drone  
  28  2:55  Overlord  
  28  3:02  Overlord  
  28  3:04  Drone  
  28  3:05  Drone  
  30  3:06  Drone  
  30  3:12  Metabolic Boost  
  31  3:32  Hatchery  
  30  3:38  Overlord  
  30  3:51  Drone x6  
  30  3:52  Drone  
  37  4:00  Queen  
  39  4:09  Queen  
  41  4:12  Drone  
  42  4:20  Baneling Nest, Drone  
  42  4:21  Drone  
  42  4:22  Extractor  
  42  4:23  Drone  
  43  4:25  Drone  
  43  4:26  Drone  
  43  4:29  Drone  
  47  4:31  Drone  
  47  4:33  Drone  
  48  5:02  Drone  
  49  5:08  Overlord  
  49  5:13  Overlord  
  49  5:17  Zergling x14  
  56  5:24  Drone x4  
  56  5:26  Drone x2  
  56  5:28  Drone x2  
  63  5:35  Overlord  
  64  5:40  Drone x3  
  67  5:52  Drone x4  
  67  5:55  Zergling x16  
  79  6:03  Lair  
  80  6:04  Drone x2, Evolution Chamber  
  80  6:07  Evolution Chamber  
  79  6:25  Overlord  
  79  6:26  Overlord x2  
  79  6:27  Zergling x10  
  84  6:33  Zerg Melee Weapons Level 1, Zerg Ground Armor Level 1  
  84  6:38  Overlord x3  
  84  7:02  Overlord x3  
  84  7:03  Zergling x14  
  84  7:04  Zergling x10  
  84  7:05  Baneling x2  
  84  7:06  Baneling x19  
  96  7:10  Centrifugal Hooks  
  96  7:12  Zergling x8  
  100  7:29  Zergling x2  
  101  7:30  Zergling x12  
  107  7:48  Zergling x2  
  107  7:49  Zergling x20  
  118  8:00  Hatchery  
  116  8:10  Hatchery, Overlord  
  116  8:11  Overlord x2  
  116  8:12  Zergling x16  
  123  8:19  Zergling x8  
  127  8:26  Zergling x4  
  129  8:33  Drone  
  129  8:34  Drone, Hatchery  
  125  8:36  Hatchery  
  125  8:38  Drone x2  
  108  8:41  Zergling x4  
  108  8:42  Zergling x8  
  104  8:55  Zergling x12  
  105  9:06  Zergling x6  
  107  9:17  Zergling x2  
  107  9:18  Zergling x18  
  107  9:19  Hydralisk Den, Infestation Pit  
  107  9:23  Zergling x4  
  109  9:38  Zergling x26  
  119  9:49  Drone  
  119  9:50  Drone x8  
Show
View Real Time Build Order
Export as new Build Order

A.I. 1 (Harder) Zerg 

Build Orders: Hatch First 

Get SALT Encoding   

  8  0:00  Drone  
  9  0:11  Drone  
  10  0:16  Drone  
  11  0:22  Drone  
  12  0:33  Overlord  
  12  0:51  Drone x3  
  15  1:01  Drone  
  16  1:11  Drone  
  17  1:20  Hatchery  
  17  1:24  Drone  
  17  1:40  Spawning Pool  
  17  1:41  Drone  
  17  1:45  Drone  
  18  1:47  Extractor  
  18  1:50  Drone  
  18  2:00  Overlord  
  18  2:10  Drone  
  19  2:27  Zergling x2  
  19  2:29  Queen  
  22  2:30  Zergling x2  
  22  2:31  Roach Warren  
  22  2:34  Drone  
  22  2:36  Extractor  
  22  2:41  Drone  
  23  2:58  Overlord, Drone  
  24  3:13  Extractor  
  24  3:14  Roach, Drone  
  26  3:22  Drone  
  26  3:25  Drone  
  26  3:26  Lair  
  28  3:42  Ravager  
  28  3:44  Extractor  
  28  3:53  Drone  
  29  3:57  Drone  
  29  4:00  Drone  
  31  4:04  Overlord, Drone  
  32  4:13  Roach  
  32  4:15  Drone  
  35  4:18  Drone  
  35  4:22  Drone  
  37  4:25  Hydralisk Den, Drone  
  37  4:28  Drone  
  38  4:34  Overlord  
  38  4:38  Drone  
  39  4:44  Roach  
  41  4:56  Hydralisk  
  43  5:02  Overlord  
  43  5:08  Roach  
  45  5:16  Drone  
  45  5:19  Drone  
  45  5:20  Hydralisk, Ravager  
  50  5:29  Overlord  
  50  5:32  Hydralisk, Drone  
  54  5:35  Drone  
  54  5:38  Drone  
  54  5:41  Drone  
  56  5:43  Drone  
  56  5:44  Hydralisk  
  56  5:46  Drone  
  56  5:48  Drone, Overlord  
  61  5:55  Drone  
  62  5:57  Roach  
  62  5:58  Drone  
  62  6:02  Drone  
  66  6:06  Drone  
  66  6:10  Evolution Chamber  
  66  6:12  Drone  
  66  6:13  Hydralisk  
  66  6:14  Drone  
  66  6:16  Drone  
  66  6:18  Drone  
  71  6:22  Overlord  
  71  6:27  Drone  
  71  6:32  Drone  
  73  6:37  Drone, Zerg Ground Armor Level 1  
  74  6:40  Burrow  
  74  6:42  Drone  
  74  6:46  Drone, Roach  
  78  6:48  Overlord  
  78  6:49  Drone  
  78  6:52  Drone  
  80  6:58  Drone  
  80  7:00  Ravager  
  82  7:02  Drone  
  82  7:06  Ravager  
  82  7:08  Overlord  
  84  7:12  Roach  
  86  7:24  Roach  
  86  7:27  Overseer  
  86  7:29  Overlord  
  88  7:35  Baneling Nest, Hydralisk  
  88  7:37  Spore Crawler, Drone  
  88  7:38  Spore Crawler  
  88  7:39  Drone  
  88  7:42  Spore Crawler  
  88  7:43  Drone  
  89  7:47  Spore Crawler, Hydralisk, Overlord  
  90  7:52  Queen  
  90  7:57  Queen  
  94  7:59  Hydralisk  
  94  8:03  Spine Crawler, Overseer  
  94  8:04  Drone  
  95  8:08  Spine Crawler  
  95  8:10  Spine Crawler  
  95  8:11  Drone  
  95  8:12  Hydralisk, Drone  
  97  8:17  Spine Crawler  
  97  8:20  Drone, Infestation Pit  
  97  8:24  Hydralisk  
  97  8:26  Spire  
  97  8:27  Roach, Drone  
  97  8:28  Evolution Chamber  
  97  8:29  Drone  
  98  8:36  Zergling x2  
  98  8:40  Queen  
  71  8:49  Roach  
  59  8:57  Roach  
  59  8:58  Drone  
  59  9:00  Drone  
  59  9:01  Roach, Zergling x2  
  50  9:04  Zergling x2  
  50  9:06  Zergling x2  
  50  9:07  Roach  
  50  9:08  Drone  
  45  9:10  Zergling x2  
  45  9:11  Drone  
  45  9:14  Zergling x2, Drone x7  
  45  9:16  Drone x4  
  44  9:18  Drone  
  44  9:23  Hydralisk  
  38  9:27  Drone x2  
  38  9:32  Drone  
  38  9:33  Drone x2, Hydralisk  
  38  9:35  Drone  
  38  9:36  Drone  
  34  9:41  Drone x2  
  34  9:42  Hydralisk  
  28  9:45  Drone  
  28  9:46  Drone  
  28  9:49  Hatchery  
  28  9:51  Hydralisk  
  24  9:53  Drone  
  20  10:04  Drone  
Tags
 
Add a new tag
Caveats
  • Supply blocks, unpowered buildings, or Contaminate may cause inaccurate times.
  • Supply counts are checked every 10 seconds.